 Dungeon Crawl Stone Soup version 0.31-a0-202-g547052bce9 (webtiles) character file.

Game seed: 5797838022329663430

68 qw the Shooter (level 4, -10/25 HPs)
             Began as a Deep Elf Hunter on June 26, 2023.
             Killed by nerve-wracking pain
             ... invoked by an orc priest
              (12 damage)
             ... on level 3 of the Dungeon.
             The game lasted 00:00:33 (1600 turns).

qw the Shooter (Deep Elf Hunter)                    Turns: 1600, Time: 00:00:33

Health: -10/25     AC:  5    Str: 10    XL:     4   Next: 1%
Magic:  6/6        EV: 12    Int: 14    God:
Gold:   183        SH:  0    Dex: 18    Spells: 3/3 levels left

rFire   . . .        Y - +0 shortbow
rCold   . . .        (shield currently unavailable)
rNeg    . . .        c - +0 leather armour
rPois   .            b - +0 helmet
rElec   .            (no cloak)
rCorr   .            d - +0 pair of gloves
SInv    .            (no boots)
Will    .....        (no amulet)
Stlth   ++           (no ring)
HPRegen 0.24/turn    (no ring)
MPRegen 0.10/turn

%: no passive effects
@: no status effects
A: no striking features
a: no special abilities


You were on level 3 of the Dungeon.
You visited 1 branch of the dungeon, and saw 3 of its levels.

You collected 183 gold pieces.


   Skills:
 - Level 1.5 Fighting
 + Level 7.4 Ranged Weapons
 - Level 2.4 Dodging
 - Level 1.2 Stealth


You had 3 spell levels left.
You didn't know any spells.
Your spell library was empty.

Inventory:

Hand Weapons
 Y - a +0 shortbow (weapon)
Armour
 b - a +0 helmet (worn)
 c - a +0 leather armour (worn)
 d - a +0 pair of gloves (worn)
Scrolls
 i - 2 scrolls of identify
Potions
 h - a potion of heal wounds {unknown}
 j - a potion of cancellation {unknown}

Dungeon Overview and Level Annotations

Branches:
Dungeon (3/15)

Altars:

Annotations:
D:2 1 runed translucent door, Crazy Yiuf


Message History

You shoot an arrow. The orc priest shouts!
The arrow hits the orc.
The orc is heavily wounded.
You hear a shout!
An orc comes into view. It is wielding a +0 short sword.
An orc comes into view. It is wielding a +0 hand axe.
You shoot an arrow. The arrow hits the orc!
You kill the orc!
You shoot an arrow. The arrow barely misses the orc.
The arrow hits the orc but does no damage.
You shoot an arrow. The arrow hits the orc.
The orc is heavily wounded.
The orc priest calls down the wrath of Beogh upon you.
Pain shoots through your body!
You shoot an arrow. The arrow hits the orc.
The orc is severely wounded.
The orc hits you but does no damage.
You shoot an arrow. The arrow hits the orc!
You kill the orc!
The orc priest begins to cast a cantrip, but forgets the words!
You have reached level 4!
You feel clever.
You shoot an arrow. The arrow barely misses the orc priest.
The orc priest begins to cast a cantrip, but forgets the words!
You shoot an arrow. The arrow barely misses the orc priest.
You shoot an arrow. The arrow hits the orc priest!
The orc priest is heavily wounded.
The orc priest mumbles some strange prayers to Beogh against you.
Beogh smites you!
Ouch! That really hurt!
The orc hits you but does no damage. The orc hits you with a +0 hand axe.
You shoot an arrow. The arrow hits the orc priest.
The orc priest is almost dead.
The orc priest barely misses you. The orc hits you with a +0 short sword.
The orc hits you with a +0 hand axe.
You shoot an arrow.
The arrow closely misses the orc priest.
The orc priest calls down the wrath of Beogh upon you.
Pain shoots through your body!
You die...

#.# #.#.## #.
#.# #.#.#####.
#.# #.#.......
#.# #.#.###.#.
#.# ##
#......... #.#
#.## ###.....#.
#.##...##
#.......
#####.......##
#.....#.
.........@o...$#
#.#.#.#.
#########oo....#
#.#.#<#.
.........
...<...
#.#.......
..#.#. # #.
)8...8. #.
....... #.
.....). #.
.......


You could see an orc priest and 2 orcs.

Vanquished Creatures
  An adder (D:2)
  2 worms (D:3)
  2 dart slugs
  5 orcs (D:3)
  5 endoplasms
  A giant cockroach (D:2)
  2 goblins
  7 hobgoblins
  2 quokkas (D:2)
  4 ball pythons
  3 bats
  3 frilled lizards
  2 kobolds
  3 rats
42 creatures vanquished.

Notes
Turn   | Place    | Note
-------+----------+-------------------------------------------
     0 | D:1      | qw the Deep Elf Hunter began the quest for the Orb.
     0 | D:1      | Reached XP level 1. HP: 12/12 MP: 3/3
     0 | D:1      | 0 ||| qw: Version: 0.3-a-22-g0ed2b0b
     0 | D:1      | 0 ||| qw: Game counter: 6280
     0 | D:1      | 0 ||| qw: Melee chars always use a shield: true
     0 | D:1      | 0 ||| qw: God list: Okawaru
     0 | D:1      | 0 ||| qw: Allow faded altars: false
     0 | D:1      | 0 ||| qw: Do Orc after clearing Dungeon:15 true
     0 | D:1      | 0 ||| qw: Do second Lair branch before Depths: true
     0 | D:1      | 0 ||| qw: Lair rune preference: random
     0 | D:1      | 0 ||| qw: Goals: Normal
     0 | D:1      | 0 ||| PLANNING D:1-11
   248 | D:1      | Found a faded altar of an unknown god.
   298 | D:1      | Reached XP level 2. HP: 16/16 MP: 4/4
   443 | D:1      | Reached skill level 6 in Ranged Weapons
   491 | D:1      | 491 ||| UPGRADING to +0 pair of gloves.
   496 | D:1      | 496 ||| DROPPING ring of wizardry.
   497 | D:1      | 497 ||| READING scroll labelled LOSOGE GIMOAZXAF.
   498 | D:1      | 498 ||| DROPPING scroll of butterflies.
   832 | D:2      | Reached XP level 3. HP: 19/20 MP: 5/5
  1165 | D:2      | Found a runed translucent door.
  1166 | D:2      | Noticed Crazy Yiuf
  1169 | D:2      | 1169 ||| UPGRADING to +0 helmet.
  1174 | D:2      | 1174 ||| READING scroll labelled HAH NAGON.
  1175 | D:2      | 1175 ||| READING scroll labelled GIZECK WIEPTI.
  1176 | D:2      | 1176 ||| READING scroll labelled RUOKOE WEOS.
  1177 | D:2      | 1177 ||| READING 2 scrolls of identify.
  1177 | D:2      | 1177 ||| IDENTIFYING silvery potion
  1178 | D:2      | 1178 ||| DROPPING potion of invisibility.
  1241 | D:3      | Reached skill level 7 in Ranged Weapons
  1596 | D:3      | Reached XP level 4. HP: 22/25 MP: 6/6
  1599 | D:3      | HP: 5/25 [orc/+0 short sword (3)]
  1599 | D:3      | HP: 2/25 [orc/+0 hand axe (3)]
  1600 | D:3      | Killed from afar by an orc priest

Levels and vault maps discovered:
D:1:      lemuel_arrival_lava_pool, layout_basic, shapermc_ecumenical_altar_gd
D:2:      layout_basic, minmay_box_of_dots, uniq_crazy_yiuf_cottage
D:3:      cheibrodos_pilgrimage, layout_loops_ring, kennysheep_nub,
          ebering_dispersal_statue_hall, grunt_ministairs_8

Skill      XL: |  1  2  3 |
---------------+----------+-----
Ranged Weapons | 6 7 |  7.4
Fighting       | |  1.5
Dodging        | |  2.4
Stealth        | |  1.2

Action                     |  1- 3 |  4- 6 || total
---------------------------+-------+-------++-------
   Fire: Shortbow          |   109 |     5 ||   114
    Use: Scroll            |     5 |       ||     5
 Armour: Leather armour    |     7 |     1 ||     8
  Dodge: Dodged            |    13 |     1 ||    14

Table legend:
 A = Non-vault XP
 B = Vault XP
 C = Vault XP percentage of total XP
 D = Non-vault monster count
 E = Vault monster count
 F = Vault count percentage of total count
                 A         B        C        D         E       F
            +---------+---------+-------+---------+---------+-------
      Total |      83 |      15 |  15.3 |      35 |       7 |  16.7
            +---------+---------+-------+---------+---------+-------
        D:1 |      13 |       0 |   0.0 |       8 |       0 |   0.0
        D:2 |      42 |       4 |   8.7 |      16 |       2 |  11.1
        D:3 |      28 |      11 |  28.2 |      11 |       5 |  31.2
            +---------+---------+-------+---------+---------+-------
